 Dungeon Crawl Stone Soup version 0.22.0-38-g04b72b8 (webtiles) character file.

4541 KobiteSteel the Protected (level 10, 0/81 HPs)
             Began as a Minotaur Wanderer on Aug 29, 2018.
             Was a Believer of Okawaru.
             Slain by a hell rat (14 damage)
             ... on level 8 of the Dungeon.
             The game lasted 00:17:51 (7559 turns).

KobiteSteel the Protected (Minotaur Wanderer)       Turns: 7559, Time: 00:17:52

Health: 0/81       AC: 16    Str: 21    XL:     10   Next: 17%
Magic:  0/9        EV: 10    Int:  8    God:    Okawaru [**....]
Gold:   334        SH:  0    Dex: 10    Spells: 9/9 levels left

rFire    + + .     SeeInvis .   g - +1 whip (flame)
rCold    . . .     Gourm    .   (no shield)
rNeg     . . .     Faith    .   k - +2 chain mail {rF+}
rPois    +         Spirit   +   (helmet unavailable)
rElec    .         Reflect  .   (no cloak)
rCorr    .         Harm     .   i - +1 pair of gloves
MR       .....                  (no boots)
Stlth    ..........             x - amulet of guardian spirit
HPRegen  0.23/turn              r - ring of poison resistance
MPRegen  0.11/turn              v - ring of protection from fire

@: hasted, very quick
A: retaliatory headbutt, horns 3, frail 1
a: Heroism, Renounce Religion


You were on level 8 of the Dungeon.
You worshipped Okawaru.
Okawaru was pleased with you.
You were not hungry.

You visited 2 branches of the dungeon, and saw 9 of its levels.

You collected 551 gold pieces.
You spent 217 gold pieces at shops.

Inventory:

Hand Weapons
 d - a +0 blowgun
 g - a +1 whip of flaming (weapon)
Missiles
 c - 27 poisoned needles
Armour
 i - a +1 pair of gloves (worn)
 k - a +2 chain mail of fire resistance (worn)
Jewellery
 a - an uncursed ring of see invisible
 j - an uncursed ring of ice
 r - a ring of poison resistance (left hand)
 v - a ring of protection from fire (right hand)
 x - an amulet of guardian spirit (around neck)
Wands
 l - a wand of enslavement (12)
 n - a wand of paralysis (8)
 o - a wand of random effects (25)
 p - a wand of iceblast (6)
 w - a wand of disintegration (15)
Scrolls
 b - 2 scrolls of fear
 h - 4 scrolls of remove curse
 q - a scroll of enchant weapon
 t - a scroll of teleportation
Potions
 e - 2 potions of flight {unknown}
Comestibles
 f - 3 rations


   Skills:
 + Level 8.6 Fighting
   Level 6.8 Short Blades
 + Level 8.2 Maces & Flails
   Level 2.1 Bows
 + Level 1.0 Throwing
 + Level 10.2 Armour
 + Level 5.2 Dodging
 + Level 1.2 Stealth
 + Level 1.1 Evocations


You had 9 spell levels left.
You didn't know any spells.
Your spell library was empty.

Dungeon Overview and Level Annotations

Branches:
Dungeon (8/15)             Temple (1/1) D:5
   Lair: D:8-11

Altars:
Ashenzari
Cheibriados
Dithmenos
Elyvilon
Fedhas
Gozag
Hepliaklqana
Kikubaaqudgha
Makhleb
Nemelex Xobeh
Okawaru
Qazlal
Ru
Sif Muna
Trog
Uskayaw
Vehumet
Wu Jian
Xom
Yredelemnul
Zin
The Shining One

Shops:
D:5 [


Innate Abilities, Weirdness & Mutations

You reflexively headbutt those who attack you in melee.
You have a pair of large horns on your head.
You are frail. (-10% HP)


Message History

The porcupine is severely wounded.
The hell rat bites you.
You are struck by the porcupine's spines.
* * * LOW HITPOINT WARNING * * *
You closely miss the porcupine. Your headbutt misses the porcupine.
The porcupine is severely wounded.
The porcupine completely misses you.
You are struck by the porcupine's spines.
* * * LOW HITPOINT WARNING * * *
You closely miss the porcupine. Your headbutt misses the porcupine.
The porcupine is severely wounded.
The hell rat bites you but does no damage.
You are struck by the porcupine's spines.
* * * LOW HITPOINT WARNING * * *
You closely miss the porcupine. Your headbutt misses the porcupine.
The porcupine is severely wounded.
The porcupine misses you.
A quokka comes into view.
You feel better. The hell rat bites you!
You die...

#.#....####.##.#.................
#......# #.##.#..#.#############
#......# #####...#....# .#.....#
#...#........#.# #.#....#
#.<.#........#.#
.#.....####...#........#.#
#.#.......#...#...........
.#...######...###.....##.#######
#.#.....#...⌠...@r.#####.......#
.#...#..##.....##r.# #.......#
#.#..<...##...##r#.#####.......#
.#.......###.###.#.............#
#.##.....# #'#.#.#.............#
.#.......# #.#.#.#.............#
#.#....#.###...#.#.......#######
.#..##.........#.#...r...#
#.#####.######.#.#.......#


You could see a hell rat, a porcupine and a quokka.

Vanquished Creatures
  A death yak (D:8)
  Pikel (D:4)
  Grinder (D:3)
  Eustachio (D:5)
  A hungry ghost (D:8)
  Menkaure (D:7)
  A water moccasin (D:7)
  2 orc warriors
  4 sky beasts
  3 ice beasts
  A necrophage (D:2)
  3 ogres
  2 centaurs
  2 bullfrogs
  2 scorpions (D:4)
  11 killer bees
  A jelly (D:6)
  A bullfrog zombie (D:7)
  3 crimson imps
  2 orc priests
  2 centaur skeletons
  A bullfrog skeleton (D:5)
  An orc wizard (D:8)
  Ijyb (D:5)
  An iguana (D:4)
  6 worker ants
  A hound zombie (D:5)
  3 gnolls (D:7)
  2 howler monkey skeletons
  4 adders
  A shadow imp (D:7)
  5 worms
  A dart slug (D:3)
  5 leopard geckos
  7 orcs
  3 ball pythons
  8 giant cockroaches
  14 goblins
  4 hobgoblins
  8 jackals
  5 quokkas
  14 bats
  8 frilled lizards
  A giant cockroach zombie (D:5)
  14 kobolds
  8 rats
172 creatures vanquished.

Notes
Turn   | Place    | Note
-------+----------+-------------------------------------------
     0 | D:1      | KobiteSteel the Minotaur Wanderer began the quest for the Orb.
     0 | D:1      | KobiteSteel set off with: a +2 short sword, a +0 ring mail, 11 poisoned needles, a +0 blowgun, a ration
     0 | D:1      | Reached XP level 1. HP: 22/22 MP: 0/0
    27 | D:1      | Reached skill level 5 in Fighting
   124 | D:1      | Reached XP level 2. HP: 29/29 MP: 1/1
   436 | D:1      | Reached XP level 3. HP: 35/37 MP: 2/2
   650 | D:2      | Reached skill level 1 in Armour
   733 | D:2      | Noticed a necrophage
   743 | D:2      | Killed a necrophage
   743 | D:2      | Reached skill level 2 in Armour
   743 | D:2      | Reached skill level 1 in Dodging
   743 | D:2      | Reached XP level 4. HP: 35/44 MP: 3/3
   879 | D:2      | Found a deep blue altar of Sif Muna.
   928 | D:2      | Reached XP level 5. HP: 50/50 MP: 4/4
  1489 | D:3      | Noticed Grinder
  1496 | D:3      | Paralysed by Grinder for 6 turns
  1505 | D:3      | Killed Grinder
  1505 | D:3      | Reached skill level 3 in Armour
  1505 | D:3      | Reached XP level 6. HP: 26/58 MP: 5/5
  2296 | D:4      | Found a shadowy altar of Dithmenos.
  2354 | D:4      | Reached skill level 5 in Short Blades
  2354 | D:4      | Reached skill level 4 in Armour
  2373 | D:4      | Noticed a slave
  2373 | D:4      | Noticed a slave
  2373 | D:4      | Noticed a slave
  2373 | D:4      | Noticed a slave
  2374 | D:4      | Noticed Pikel
  2380 | D:4      | Gained mutation: You are frail. (-10% HP) [potion of mutation]
  2380 | D:4      | Gained mutation: You have a pair of large horns on your head. [potion of mutation]
  2421 | D:4      | Killed Pikel
  2421 | D:4      | Reached XP level 7. HP: 59/59 MP: 6/6
  2510 | D:4      | Reached skill level 5 in Armour
  2510 | D:4      | Reached skill level 1 in Stealth
  2546 | D:4      | Reached skill level 1 in Maces & Flails
  2546 | D:4      | Reached XP level 8. HP: 51/65 MP: 7/7
  2918 | D:4      | Found a snail-covered altar of Cheibriados.
  3007 | D:5      | Entered Level 5 of the Dungeon
  3044 | D:5      | Noticed Eustachio
  3094 | D:5      | Killed Eustachio
  3444 | D:5      | Found a white marble altar of Elyvilon.
  3456 | D:5      | Found a staircase to the Ecumenical Temple.
  3482 | Temple   | Entered the Ecumenical Temple
  3489 | Temple   | Became a worshipper of Warmaster Okawaru
  3621 | D:5      | Found Side Xops's Antique Armour Boutique.
  3652 | D:5      | Bought a glowing chain mail for 217 gold pieces
  3655 | D:5      | Reached skill level 6 in Armour
  4167 | D:5      | Reached skill level 7 in Armour
  4308 | D:5      | Noticed Ijyb
  4329 | D:5      | Killed Ijyb
  4329 | D:5      | Reached skill level 5 in Maces & Flails
  4650 | D:6      | Reached XP level 9. HP: 52/72 MP: 8/8
  4925 | D:6      | Found an opulent altar of Gozag.
  4925 | D:6      | Found a hide-covered altar of Uskayaw.
  4999 | D:6      | Reached * piety under Okawaru
  5348 | D:6      | Found an ancient bone altar of Kikubaaqudgha.
  5729 | D:6      | Reached skill level 8 in Armour
  5795 | D:7      | Noticed Menkaure
  5801 | D:7      | Killed Menkaure
  6071 | D:7      | Reached skill level 9 in Armour
  7121 | D:8      | Reached ** piety under Okawaru
  7280 | D:8      | Found a blossoming altar of Fedhas.
  7487 | D:8      | Reached skill level 5 in Dodging
  7487 | D:8      | Reached XP level 10. HP: 75/81 MP: 7/9
  7509 | D:8      | Noticed a death yak
  7552 | D:8      | Killed a death yak
  7552 | D:8      | Reached skill level 10 in Armour
  7558 | D:8      | HP: 4/81 [porcupine's spines (14)]
  7559 | D:8      | Slain by a hell rat

Skill      XL: |  1  2  3  4  5  6  7  8  9 10 |
---------------+-------------------------------+-----
Fighting       | 5 6 7 8 |  8.6
Armour         | 2 3 4 5 7 9 10 | 10.2
Short Blades   | 3 4 6 |  6.8
Dodging        | 1 3 4 5 |  5.2
Stealth        | 1 |  1.2
Maces & Flails | 1 5 7 8 |  8.2
Bows           | |  2.1
Throwing       | |  1.0
Evocations     | |  1.1

Action                   |  1- 3 |  4- 6 |  7- 9 | 10-12 || total
-------------------------+-------+-------+-------+-------++-------
Melee: Short sword       |    76 |   135 |       |       ||   211
       Headbutt          |     8 |    14 |    64 |     7 ||    93
       Whip              |       |       |   419 |    33 ||   452
       Punch             |       |       |       |     1 ||     1
Invok: Heroism           |       |       |       |     1 ||     1
Evoke: Wand              |       |       |       |     4 ||     4
  Use: Scroll            |       |    10 |     8 |       ||    18
       Potion            |       |     7 |     2 |     2 ||    11
  Eat: Ration            |       |     2 |     7 |       ||     9
Armor: Ring mail         |    26 |    27 |    13 |       ||    66
       Skin              |       |    17 |       |       ||    17
       Plate armour      |       |       |    53 |       ||    53
       Chain mail        |       |       |   161 |     7 ||   168
Dodge: Dodged            |    37 |    50 |   199 |     6 ||   292
